 Dungeon Crawl Stone Soup version 0.22-a0-254-gaf95ca0 (webtiles) character file.

5255 RoseArtemis the Slicer (level 10, -9/91 HPs)
             Began as a Minotaur Fighter on Mar 4, 2018.
             Mangled by a death yak (20 damage)
             ... on level 8 of the Dungeon on Mar 5, 2018.
             The game lasted 00:15:10 (7684 turns).

RoseArtemis the Slicer (Minotaur Fighter)           Turns: 7684, Time: 00:15:10

Health: -9/91      AC: 16    Str: 23    XL:     10   Next: 36%
Magic:  9/9        EV:  5    Int: 10    God:
Gold:   240        SH: 12    Dex: 11    Spells: 9/9 levels left

rFire    + . .     SeeInvis .   D - +2 scimitar (flame)
rCold    . . .     Gourm    .   l - +0 shield
rNeg     . . .     Faith    .   r - +0 plate armour
rPois    .         Spirit   .   (helmet restricted)
rElec    .         Reflect  .   y - +0 cloak
rCorr    .         Harm     .   n - +1 pair of gloves
MR       .....                  (no boots)
Stlth    ..........             (no amulet)
HPRegen  0.25/turn              i - ring of protection from fire
MPRegen  0.11/turn              (no ring)

@: brilliant
A: retaliatory headbutt, horns 2
a: no special abilities


You were on level 8 of the Dungeon.
You were hungry.

You visited 2 branches of the dungeon, and saw 9 of its levels.

You collected 305 gold pieces.
You spent 65 gold pieces at shops.

Inventory:

Hand Weapons
 a - a +0 rapier
 x - a +0 short sword of speed
 D - a +2 scimitar of flaming (weapon)
Armour
 l - a +0 shield (worn)
 n - a +1 pair of gloves (worn)
 r - a +0 plate armour (worn)
 y - a +0 cloak (worn)
Jewellery
 d - an uncursed ring of flight {unknown}
 i - a ring of protection from fire (left hand)
 F - an uncursed ring of protection from magic {unknown}
Wands
 g - a wand of scattershot (6)
 A - a wand of digging (10)
 B - a wand of iceblast (9)
Scrolls
 b - 5 scrolls of enchant armour
 e - 3 scrolls of remove curse
 j - a scroll of noise {unknown}
 m - 5 scrolls of teleportation {unknown}
 o - 2 scrolls of blinking {unknown}
 p - 3 scrolls of magic mapping {unknown}
 s - a scroll of amnesia {unknown}
 v - 2 scrolls of fog {unknown}
 w - 2 scrolls of random uselessness {unknown}
 G - a scroll of identify
Potions
 c - 2 potions of curing
 h - a potion of resistance {unknown}
 k - a potion of lignification
 t - a potion of agility {unknown}
 u - a potion of haste {unknown}
 C - a potion of mutation {unknown}
Comestibles
 f - 10 rations


   Skills:
 + Level 9.5 Fighting
 * Level 11.4(11.5) Short Blades
 + Level 2.4(8.5) Long Blades
 - Level 6.0 Armour
 + Level 9.6 Shields


You had 9 spell levels left.
You didn't know any spells.

Dungeon Overview and Level Annotations

Branches:
Dungeon (8/15)             Temple (1/1) D:4            Lair (0/6) D:8

Altars:
Ashenzari
Dithmenos
Elyvilon
Fedhas
Hepliaklqana
Kikubaaqudgha
Makhleb
Nemelex Xobeh
Qazlal
Ru
Sif Muna
Trog
Uskayaw
Vehumet
Wu Jian
Xom
Yredelemnul
Zin
The Shining One

Shops:
D:7 !


Innate Abilities, Weirdness & Mutations

You reflexively headbutt those who attack you in melee.
You have a pair of horns on your head.


Message History

You slash the death yak! You burn the death yak.
The death yak is lightly wounded.
The death yak gores you!
* * * LOW HITPOINT WARNING * * *
You hit the death yak. You burn the death yak.
The death yak is lightly wounded.
You block the death yak's attack.
You hit the death yak. You burn the death yak.
The death yak is moderately wounded.
The death yak gores you but does no damage.
You barely miss the death yak.
The death yak is moderately wounded.
You feel less wooden.
Your +0 cloak unmelds from your body.
Your +1 pair of gloves unmelds from your body.
Your +0 plate armour unmelds from your body.
The death yak gores you but does no damage.
The death yak snorts and paws the ground.
The death yak gores you!!
You die...

?....>.##...##
..$..........#..#
######..r....c..$.....
.....#......r.....##.
.....#. #.rrr...#..
......# #.# .# #######
#r####.#####
#.rY.......#
####@....... #........
#.†......
###########.(......
#.............####.
######.#############
.....#.# .###.#.# .#
#.#.#


You could see a death yak, a hell rat and a porcupine.

Vanquished Creatures
  Erica (D:8)
  2 death yaks (D:8)
  The ghost of Anon1729 the Firebug, a novice DsFE of Ashenzari (D:7)
  A hippogriff (D:4)
  Edmund (D:4)
  A water moccasin (D:8)
  Duvessa (D:4)
  2 ice beasts
  An orc warrior (D:7)
  2 sky beasts
  2 black bears (D:6)
  A phantom (D:4)
  3 ogres
  A big kobold (D:6)
  2 bullfrogs (D:7)
  Dowan (D:4)
  A scorpion (D:5)
  3 killer bees (D:7)
  2 howler monkeys (D:6)
  2 bullfrog zombies (D:5)
  2 crimson imps
  A quasit (D:6)
  2 jellies
  3 hounds
  8 orc wizards
  A bullfrog skeleton (D:4)
  3 iguanas
  Jessica (D:3)
  4 worker ants
  A hound zombie (D:5)
  A gnoll (D:1)
  A howler monkey skeleton (D:5)
  8 adders
  2 shadow imps (D:5)
  2 oozes
  An adder zombie (D:5)
  3 worms
  5 dart slugs
  3 leopard geckos
  30 orcs
  4 bats
  4 giant cockroaches
  6 goblins
  3 hobgoblins (D:2)
  7 jackals
  11 kobolds
  7 quokkas
  A ball python skeleton (D:4)
  3 frilled lizards
  A leopard gecko zombie (D:5)
  6 rats
  A plant (D:1)
167 creatures vanquished.

Notes
Turn   | Place    | Note
-------+----------+-------------------------------------------
     0 | D:1      | RoseArtemis the Minotaur Fighter began the quest for the Orb.
     0 | D:1      | Reached XP level 1. HP: 19/19 MP: 0/0
   176 | D:1      | Reached XP level 2. HP: 27/27 MP: 1/1
   536 | D:1      | Reached skill level 3 in Short Blades
   536 | D:1      | Reached XP level 3. HP: 26/33 MP: 2/2
  1464 | D:2      | Reached XP level 4. HP: 40/40 MP: 3/3
  1815 | D:3      | Noticed Jessica
  1824 | D:3      | Killed Jessica
  2175 | D:3      | Reached skill level 4 in Short Blades
  2175 | D:3      | Reached XP level 5. HP: 46/47 MP: 4/4
  2658 | D:4      | Noticed Duvessa
  2660 | D:4      | Noticed Dowan
  2675 | D:4      | Killed Duvessa
  2675 | D:4      | Reached XP level 6. HP: 46/55 MP: 5/5
  2680 | D:4      | Killed Dowan
  2680 | D:4      | Reached skill level 5 in Fighting
  2680 | D:4      | Reached skill level 5 in Shields
  2986 | D:4      | Reached skill level 5 in Short Blades
  2986 | D:4      | Reached skill level 5 in Armour
  3125 | D:4      | Found a staircase to the Ecumenical Temple.
  3299 | D:4      | Noticed Edmund
  3300 | D:4      | Noticed a hippogriff
  3315 | D:4      | Killed Edmund
  3315 | D:4      | Reached XP level 7. HP: 46/61 MP: 6/6
  3317 | D:4      | Killed a hippogriff
  3317 | D:4      | Reached skill level 6 in Short Blades
  3415 | D:4      | Found a deep blue altar of Sif Muna.
  3418 | D:4      | Found a hide-covered altar of Uskayaw.
  3421 | D:4      | Found a burning altar of Makhleb.
  4058 | Temple   | Entered the Ecumenical Temple
  4175 | D:5      | Entered Level 5 of the Dungeon
  4228 | D:5      | Found a shattered altar of Ashenzari.
  4239 | D:5      | Found a shimmering altar of Xom.
  4277 | D:5      | Reached XP level 8. HP: 41/70 MP: 7/7
  4503 | D:5      | HP: 2/70 [orc/hand axe of electrocution (16)]
  4891 | D:5      | Reached skill level 7 in Short Blades
  5254 | D:5      | Reached skill level 8 in Short Blades
  5759 | D:6      | Reached XP level 9. HP: 78/79 MP: 8/8
  5777 | D:6      | Reached skill level 9 in Short Blades
  5779 | D:6      | Found a bloodstained altar of Trog.
  6600 | D:7      | Found a sparkling altar of Nemelex Xobeh.
  6673 | D:7      | Noticed Anon1729's ghost (novice DsFE)
  6674 | D:7      | Found Beuxuwit's Distillery.
  6686 | D:7      | Killed Anon1729's ghost
  6767 | D:7      | Bought a potion of heal wounds for 65 gold pieces
  6956 | D:7      | Reached skill level 10 in Short Blades
  7390 | D:8      | Noticed Erica
  7400 | D:8      | Killed Erica
  7418 | D:8      | Reached XP level 10. HP: 53/91 MP: 9/9
  7618 | D:8      | Found a staircase to the Lair.
  7619 | D:8      | Noticed a death yak
  7620 | D:8      | Noticed a death yak
  7621 | D:8      | Noticed a death yak
  7653 | D:8      | Killed a death yak
  7653 | D:8      | Reached skill level 11 in Short Blades
  7653 | D:8      | Reached skill level 1 in Long Blades
  7676 | D:8      | Killed a death yak
  7684 | D:8      | Mangled by a death yak

Vault maps used:
D:1:      kilobyte_arrival_exit_the_forest, minmay_pentomino_q4
D:3:      uniq_jessica
D:4:      grunt_temple_overflow_diamond, minmay_temple_entry_statues_pillars,
          uniq_edmund, uniq_duvessa
D:5:      lemuel_crystal_altar, first_ration, basic_altar, minmay_joined_circles
D:6:      trog_ov_bears_minmay
D:7:      nicolae_overflow_hidden_temple, serial_shops, nicolae_shop_statue_plus
D:8:      nicolae_gozag_cash_rules_everything_around_me, old_standard_altar,
          dpeg_lair_monsters, serial_shops, shop, uniq_erica
Temple:   jpeg_temple_clearing

Skill      XL: |  1  2  3  4  5  6  7  8  9 10 |
---------------+-------------------------------+-----
Fighting       | 4 5 6 7 9 |  9.5
Short Blades   | 3 4 5 6 8 10 11 | 11.4
Armour         | 4 5 6 |  6.0
Shields        | 4 5 6 7 9 |  9.6
Long Blades    | 2 |  2.4

Action                   |  1- 3 |  4- 6 |  7- 9 | 10-12 || total
-------------------------+-------+-------+-------+-------++-------
Melee: Rapier            |   110 |   128 |   414 |    28 ||   680
       Headbutt          |    21 |    24 |    82 |     4 ||   131
       Scimitar          |       |       |       |    28 ||    28
  Use: Scroll            |       |     5 |     4 |       ||     9
       Potion            |       |     2 |     3 |     8 ||    13
  Eat: Chunk             |     2 |     6 |     9 |     1 ||    18
       Ration            |       |       |     1 |       ||     1
Armor: Scale mail        |    26 |       |       |       ||    26
       Plate armour      |       |    72 |   210 |     5 ||   287
       Skin              |       |       |       |    13 ||    13
Dodge: Dodged            |    25 |    27 |    71 |     4 ||   127
Block: Shield            |    26 |    62 |   210 |    15 ||   313
       Rpst.: Scimitar   |       |       |       |     1 ||     1

Table legend:
 A = Spawn XP
 B = Non-spawn XP
 C = Spawn XP percentage of total XP
 D = Spawn monster count
 E = Non-spawn monster count
 F = Spawn count percentage of total count
 G = Total turns spent on level
                    A         B        C        D         E        F      G
               +---------+---------+-------+---------+---------+-------+---------
         Total |       0 |    7508 |   0.0 |       0 |     166 |   0.0 |  7684
               +---------+---------+-------+---------+---------+-------+---------
           D:1 |       0 |      47 |   0.0 |       0 |      14 |   0.0 |   956
           D:2 |       0 |      56 |   0.0 |       0 |      22 |   0.0 |   834
           D:3 |       0 |     144 |   0.0 |       0 |      22 |   0.0 |   998
           D:4 |       0 |    1034 |   0.0 |       0 |      18 |   0.0 |  1677
           D:5 |       0 |     928 |   0.0 |       0 |      31 |   0.0 |  1102
           D:6 |       0 |     963 |   0.0 |       0 |      33 |   0.0 |   424
           D:7 |       0 |    1389 |   0.0 |       0 |      20 |   0.0 |  1243
           D:8 |       0 |    2947 |   0.0 |       0 |       6 |   0.0 |   366
               +---------+---------+-------+---------+---------+-------+---------
